 Dungeon Crawl Stone Soup version 0.32-a0-630-g46d191b0ed (webtiles) character file.

Game seed: 6470218134216686848

120712 retardedninja the Warrior (level 16, 0/126 HPs)
             Began as a Coglin Fighter on Mar 5, 2024.
             Was the Champion of Hepliaklqana.
             Slain by Bith's ghost (4 damage)
             ... on level 1 of the Swamp on Mar 6, 2024.
             The game lasted 01:11:44 (35484 turns).

retardedninja the Warrior (Coglin Fighter)         Turns: 35484, Time: 01:11:45

Health: 0/126      AC: 32    Str: 24    XL:     16   Next: 83%
Magic:  16/16      EV:  9    Int: 12    God:    Hepliaklqana [******]
Gold:   1986       SH:  0    Dex: 13    Spells: 15/15 levels left

rFire   . . .        R - +3 broad axe (freeze) {Psammuthes}
rCold   + . .        H - +4 war axe (flame) {Ishleen}
rNeg    . . .        r - +7 plate armour of Jephueca {Will++ Int+3}
rPois   +            D - +2 helmet
rElec   .            e - +0 cloak
rCorr   +            h - +2 pair of gloves
SInv    .            N - +0 pair of boots
Will    +++..        (amulet unavailable) Stlth
                     (ring unavailable)
HPRegen 0.41/turn    (ring unavailable)
MPRegen 0.15/turn    j - hydrodynamo Ver.85 {Gadgeteer, rPois rC+ rCorr}

%: no passive effects
@: on fire, hasted, glowing, revving, very quick
A: reduced essence, off-hand wielding, slow wielding, warmup strikes, no
jewellery
a: Renounce Religion, Recall Ancestor, Ancestor Identity, Transference, Idealise


You were on level 1 of the Swamp.
You worshipped Hepliaklqana.
Hepliaklqana was exalted by your worship.
You visited 5 branches of the dungeon, and saw 24 of its levels.
You also visited: Ossuary and Bailey.

You collected 2586 gold pieces.
You spent 600 gold pieces at shops.

Inventory:

Hand Weapons
 a - a +0 short sword
 H - a +4 war axe of flaming (offhand) {Ishleen}
 R - a +3 broad axe of freezing (weapon) {Psammuthes}
Missiles
 i - 5 throwing nets
Armour
 e - a +0 cloak (worn)
 h - a +2 pair of gloves (worn)
 r - the +7 plate armour of Jephueca (worn) {Will++ Int+3}
   (You found it on level 4 of the Dungeon)

   Int+3:     It affects your intelligence (+3).
   Will++:    It greatly increases your willpower.
 D - a +2 helmet (worn)
 N - a +0 pair of boots (worn)
Gizmo
 j - a hydrodynamo Ver.85 (installed) {Gadgeteer, rPois rC+ rCorr}
   (You invented it yourself on level 5 of the Lair of Beasts)

   [hydrodynamo Ver.85]

   Gadgeteer: Your evocable items recharge 30% faster and wands have a 30%
   chance to not spend a charge.
   rC+:       It protects you from cold.
   rPois:     It protects you from poison.
   rCorr:     It protects you from acid and corrosion.
Talismans
 P - a storm talisman
Wands
 n - a wand of charming (15)
 o - a wand of polymorph (16)
 z - a wand of mindburst (19)
 L - a wand of flame (18)
 O - a wand of quicksilver (3)
 Q - a wand of iceblast (3)
Scrolls
 b - 4 scrolls of revelation
 c - a scroll of acquirement {unknown}
 f - 3 scrolls of amnesia
 g - 6 scrolls of vulnerability
 m - 6 scrolls of poison
 E - a scroll of torment
 F - 2 scrolls of noise
 I - 3 scrolls of identify
Potions
 d - 5 potions of might
 k - a potion of magic
 l - 5 potions of attraction
 q - 8 potions of ambrosia
 s - 3 potions of mutation
 t - 2 potions of cancellation
 u - 5 potions of brilliance
 v - 2 potions of resistance
 x - 3 potions of enlightenment
 A - 4 potions of lignification
 B - 2 potions of degeneration
Miscellaneous
 w - a phial of floods (inert)
 y - a tin of tremorstones (2/2)


   Skills:
 * Level 17.5 Fighting
 * Level 17.2 Axes
 + Level 11.6 Armour
 * Level 5.6 Dodging
 - Level 9.1 Shields


You had 15 spell levels left.
You didn't know any spells.
Your spell library contained the following spells:

 Spells                   Type           Power      Damage    Failure   Level
 Foxfire                  Conj/Fire      0%         2x1d4     97%         1
 Sandblast                Erth           0%         2d4       97%         1
 Blink                    Tloc           0%         N/A       99%         2
 Lesser Beckoning         Tloc           0%         N/A       99%         2
 Mercury Vapours          Alch/Air       0%         N/A       99%         2
 Momentum Strike          Conj/Tloc      0%         3d8       99%         2
 Call Canine Familiar     Summ           0%         N/A       100%        3
 Gell's Gravitas          Tloc           0%         N/A       100%        3
 Mephitic Cloud           Conj/Alch/Air  0%         N/A       100%        3
 Passwall                 Erth           0%         N/A       100%        3
 Sigil of Binding         Hex            0%         N/A       100%        3
 Stone Arrow              Conj/Erth      0%         3d7       100%        3
 Summon Ice Beast         Ice/Summ       0%         N/A       100%        3
 Teleport Other           Tloc           0%         N/A       100%        3
 Brom's Barrelling Bould  Conj/Erth      0%         2d3       100%        4
 Dimensional Bullseye     Hex/Tloc       0%         N/A       100%        4
 Freezing Cloud           Conj/Ice/Air   0%         6-21      100%        5
 Summon Mana Viper        Hex/Summ       0%         N/A       100%        5
 Dispersal                Tloc           0%         N/A       100%        6
 Plasma Beam              Fire/Air       0%         2x1d10    100%        6
 Starburst                Conj/Fire      0%         6d3       100%        6
 Haunt                    Necr/Summ      0%         N/A       100%        7
 Monstrous Menagerie      Summ           0%         N/A       100%        7
 Borgnjor's Revivificati  Necr           0%         N/A       100%        8
 Death's Door             Necr           0%         N/A       100%        9


Dungeon Overview and Level Annotations

Branches:
Dungeon (15/15)            Temple (1/1) D:4            Lair (5/5) D:11
  Swamp (1/4) Lair:3       Spider (0/4) Lair:3        Slime (0/5) Lair:4
    Orc (2/2) D:12            Elf (0/3) Orc:2        Vaults (0/5) D:14
 Depths (0/4) D:15        Ossuary (visited)          Bailey (visited)

Altars:
Ashenzari
Cheibriados
Dithmenos
Elyvilon
Fedhas
Gozag
Hepliaklqana
Kikubaaqudgha
Makhleb
Nemelex Xobeh
Okawaru
Qazlal
Ru
Sif Muna
Trog
Uskayaw
Vehumet
Wu Jian
Xom
Yredelemnul
Zin
The Shining One
Jiyva

Shops:
D:14 [!?(   D:15 **:::   Orc:1 =*(:(   Orc:2 (*[=

Portals:
Hell: Lair:5
Trove: D:14 (give 4 scrolls of blinking)

Annotations:
D:1 2 transporters
D:7 2 transporters, exclusion: oklob plant, DeathSocks's ghost, novice CoHu
D:15 exclusion: obsidian statue
Lair:2 exclusion: orange crystal statue
Lair:4 3 runed translucent doors, exclusion: ice statue, Vinuqabb's ghost, journeyman CoFi
Swamp:1 Bith's ghost, adept GnWn; Jij Eziczi's ghost, journeyman DgAl; Ykem's ghost, adept GnWn


Innate Abilities, Weirdness & Mutations

Your life essence is reduced to manifest your ancestor. (-10% HP)
You can wield a second weapon in your off-hand.
It takes a long time for you to wield or remove held weapons.
Your first few attacks do less damage.
You cannot equip rings or amulets.


Message History

Ykem's ghost hits you but does no damage.
You writhe in agony.
* * * LOW HITPOINT WARNING * * *
Unknown command.
You completely miss Ykem's ghost with your +4 war axe of flaming.
You completely miss Bith's ghost with your +4 war axe of flaming.
You slash Ykem's ghost with your +4 war axe of flaming!
You closely miss Jij Eziczi's ghost with your +4 war axe of flaming.
You completely miss Ykem's ghost with your +3 broad axe of freezing.
You completely miss Bith's ghost with your +3 broad axe of freezing.
You closely miss Ykem's ghost with your +3 broad axe of freezing.
You slice Jij Eziczi's ghost with your +3 broad axe of freezing!!
You freeze Jij Eziczi's ghost. The liquid fire burns you!
* * * LOW HITPOINT WARNING * * *
You feel sick.
Max destroyer completely misses Ykem's ghost.
Unknown command.
You feel better. The liquid fire burns you!
* * * LOW HITPOINT WARNING * * *
You feel less invigorated. Bith's ghost casts a spell at you.
You resist with almost no effort.
Ykem's ghost hits you but does no damage.
You writhe in agony.
* * * LOW HITPOINT WARNING * * *
Jij Eziczi's ghost hits you but does no damage.
Ykem's ghost hits you but does no damage.
You feel better. The liquid fire burns you!
* * * LOW HITPOINT WARNING * * *
Max destroyer closely misses Ykem's ghost.
Ykem's ghost points at you and mumbles some strange words.
You resist with almost no effort.
Jij Eziczi's ghost hits you but does no damage.
Bith's ghost hits you but does no damage.
You writhe in agony.
You die...
Hepliaklqana delivers you to your ancestors.

......~.♣.....~.♣♣ ♣♣~.~..§..§..
♣.......~....~~~~♣ ♣......)...♣♣
♣..~~......~.~~~~♣ ♣♣.~~..~~~..~
♣.§~~~...<~######♣♣♣♣♣.~~~~~~~.♣♣
♣.~~~~..~÷##??ß)#.♣♣~♣.~~~.~~~...
♣♣.~~~..~##ß....#........~♣♣♣♣♣..
♣♣~~.~.~♣#|.....#..~~~~.♣♣♣ ♣♣..~
.....~~..#.....WWR..~§..~♣ ♣~~§.
.~~~~~~.~#⌠)...W@...).~~♣♣♣♣♣♣~~.
~~~~~~..§#.....W'...~♣♣♣~...~♣♣~~
.~~~~~..♣#).....#...♣♣ ♣.~...~~.~
~.~.....♣##ß....#..~♣ ♣.~~~.>..~
♣♣♣♣....~~##?[ß[#♣♣♣♣ ♣♣~~~...~~
♣♣~...~~♣♣§######...♣ ♣~....~~~~
♣~~♣♣.~.♣♣...~~~...~♣ ♣.~~~.§~~~
♣♣♣..~~~†.....~~~..♣ ♣♣.~~~...~~
♣...~~~~......~~~.§♣ ♣......~..~


You could see the friendly max destroyer the battlemage, Bith's ghost (swift),
Jij Eziczi's ghost and 2 ghosts called Ykem.

Vanquished Creatures
  An orc warlord (Orc:1)
  An ironbound preserver (D:14)
  A ghoul (Swamp:1)
  A bunyip (Swamp:1)
  An ettin (Orc:1)
  A rakshasa (D:15)
  7 hydras
  2 ogre magi (Orc:2)
  A catoblepas (Lair:5)
  A ghost crab (Swamp:1)
  2 alligators (Swamp:1)
  3 centaur warriors
  7 two-headed ogres
  6 boulder beetles
  3 death yaks (Lair:4)
  2 occultists
  Urug (D:13)
  Nergalle (D:10)
  A spriggan (Swamp:1)
  A sun demon (Lair:5)
  A fire crab (Lair:4)
  Lodul (D:12)
  Amaemon (Lair:3)
  2 deep trolls (Orc:2)
  A goliath frog (Swamp:1)
  A bog body (Swamp:1)
  A deep elf pyromancer (D:12)
  A necromancer (D:15)
  An orc knight (Bailey)
  An orc sorcerer (Orc:1)
  A manticore (D:15)
  9 ugly things
  A will-o-the-wisp (Swamp:1)
  10 cyclopes
  3 elephants
  3 kobold blastminers (Orc:2)
  3 meliai (Lair:5)
  2 torpor snails
  4 black mambas
  3 gargoyles
  2 orange demons (Lair:5)
  9 cane toads
  A smoke demon (Lair:5)
  8 komodo dragons
  An efreet (D:15)
  2 ice devils (Lair:5)
  6 rime drakes
  3 kobold demonologists (D:13)
  A yaktaur (D:14)
  2 tengu conjurers
  9 polar bears
  13 trolls
  A queen bee (Lair:5)
  3 tyrant leeches
  A troll (shapeshifter) (D:14)
  A harpy skeleton (D:15)
  3 hornets
  6 blink frogs
  2 meliai zombies (D:11)
  A jumping spider (Lair:3)
  Sigmund (D:5)
  2 slime creatures (D:14)
  9 wyverns
  A shadow (D:11)
  2 wraiths (D:11)
  A fire bat (Lair:4)
  2 basilisks
  3 wargs
  8 vampire mosquitoes
  4 redbacks (Lair:3)
  28 yaks
  3 swamp worms
  3 acid dragons
  20 water moccasins
  A hell hound (Lair:5)
  6 ice beasts
  2 black bears
  A hornet zombie (D:15)
  26 orc warriors
  24 ogres
  14 wolves
  9 centaurs
  10 kobold brigands (D:13)
  A weeping skull (Ossuary)
  10 bullfrogs
  A gnoll sergeant (D:10)
  2 two-headed ogre simulacra (D:11)
  3 wights
  26 killer bees
  9 howler monkeys
  A vampire bat (Lair:1)
  3 electric eels
  6 centaur zombies
  2 human zombies (Ossuary)
  3 hounds
  11 orc priests
  A gnoll bouda (D:9)
  3 iguanas
  10 orc wizards
  A troll simulacrum (D:11)
  2 hound zombies (Ossuary)
  2 mummies (Ossuary)
  7 adders
  18 gnolls
  2 shadow imps
  2 white imps
  An ufetubus (D:7)
  4 ribbon worms
  2 dart slugs
  63 orcs
  9 bats
  12 endoplasms
  3 giant cockroaches
  4 gnoll zombies (Ossuary)
  17 goblins
  17 hobgoblins
  4 jackals (D:1)
  5 kobolds
  8 quokkas
  5 ball pythons
  3 frilled lizards (D:1)
  2 orc zombies (Ossuary)
  10 rats
644 creatures vanquished.

Vanquished Creatures (collateral kills)
  The ghost of LilYaldabaoth01 the Lord of Darkness, a journeyman MDNe of Kikubaaqudgha (D:13)
  5 hydras
  A rakshasa (D:15)
  Harold (Orc:1)
  An alligator (Swamp:1)
  A catoblepas (Lair:4)
  2 death yaks (Lair:2)
  4 two-headed ogres (Orc:2)
  2 centaur warriors (D:14)
  A tengu warrior (D:14)
  A spriggan (Swamp:1)
  A goliath frog (Swamp:1)
  2 bog bodies (Swamp:1)
  An orc knight (D:15)
  A deep elf zephyrmancer (D:15)
  2 cyclopes
  3 ugly things
  2 orc sorcerers
  A manticore (D:15)
  A black mamba (Lair:3)
  2 kobold blastminers (Orc:1)
  2 cane toads
  3 centaur zombies
  2 orange demons
  3 komodo dragons
  A freezing wraith (Lair:4)
  An ice devil (Lair:5)
  A bloated husk (Swamp:1)
  A tengu conjurer (D:14)
  3 trolls (Orc:2)
  A tyrant leech (Swamp:1)
  A polar bear (Lair:4)
  3 blink frogs
  A hornet (Swamp:1)
  A dream sheep (Lair:4)
  3 slime creatures
  A shadow (D:11)
  2 wyverns
  2 fire bats (Lair:4)
  A vampire (D:11)
  2 wraiths (D:12)
  3 vampire mosquitoes
  2 wargs
  10 yaks
  A swamp worm (Lair:3)
  2 water moccasins
  2 hell hounds (Lair:5)
  8 orc warriors
  3 ice beasts
  3 sky beasts
  A black bear (D:4)
  A hornet zombie (D:15)
  A crocodile (shapeshifter) (D:14)
  3 wolves
  A centaur (D:14)
  4 ogres
  2 bullfrogs
  A kobold brigand (D:9)
  A scorpion (D:6)
  2 burial acolytes (Ossuary)
  2 wights (D:6)
  3 killer bees
  8 electric eels
  A human zombie (Ossuary)
  6 orc priests
  A gnoll bouda (D:7)
  8 orc wizards
  A troll simulacrum (D:11)
  4 hound zombies (Ossuary)
  9 gnolls
  An adder (D:5)
  A white imp (Lair:4)
  3 ufetubi
  A ribbon worm (D:4)
  14 orcs
  3 bats (Lair:1)
  A hobgoblin (Bailey)
  2 goblins
  A kobold (D:9)
192 creatures vanquished.

Vanquished Creatures (others)
  An unseen horror (shapeshifter) (D:15)
  A bloated husk (Swamp:1)
  An orc wizard (D:8)
  24 battlemagi
  2 foxfires (Swamp:1)
29 creatures vanquished.

Grand Total: 865 creatures vanquished

Notes
Turn   | Place    | Note
-------+----------+-------------------------------------------
     0 | D:1      | retardedninja the Coglin Fighter began the quest for the
                  | Orb.
     0 | D:1      | Reached XP level 1. HP: 18/18 MP: 1/1
    72 | D:1      | Reached XP level 2. HP: 24/24 MP: 2/2
   347 | D:1      | Reached XP level 3. HP: 29/29 MP: 3/3
   950 | D:2      | Found a hazy altar of Hepliaklqana.
  1186 | D:2      | Became a worshipper of Hepliaklqana the Forgotten
  1429 | D:2      | Reached XP level 4. HP: 34/36 MP: 4/4
  1890 | D:3      | Reached XP level 5. HP: 39/42 MP: 5/5
  1973 | D:3      | Reached * piety under Hepliaklqana
  2641 | D:3      | Upgraded the game from 0.32-a0-616-g9348d4545b to
                  | 0.32-a0-630-g46d191b0ed
  2717 | D:4      | Found a staircase to the Ecumenical Temple.
  2745 | Temple   | Entered the Ecumenical Temple
  2750 | D:4      | Noticed a black bear
  2755 | D:4      | Killed a black bear
  2756 | D:4      | Reached XP level 6. HP: 36/44 MP: 6/6
  2939 | D:4      | Reached ** piety under Hepliaklqana
  3241 | D:4      | Identified the +7 plate armour of Jephueca {Will++ Int+3}
  3804 | D:5      | Entered Level 5 of the Dungeon
  3839 | D:5      | Remembered your ancestor max destroyer as a battlemage
  3952 | D:5      | Found a sand-covered staircase.
  3959 | Ossuary  | Entered an ossuary
  3998 | Ossuary  | Reached skill level 5 in Fighting
  3998 | Ossuary  | Reached XP level 7. HP: 39/50 MP: 7/7
  4321 | Ossuary  | Reached skill level 5 in Axes
  4494 | D:5      | Found a sacrificial altar of Ru.
  4499 | D:5      | Found a sparkling altar of Nemelex Xobeh.
  4506 | D:5      | Found a shimmering blue altar of Sif Muna.
  4506 | D:5      | Found a radiant altar of Vehumet.
  4512 | D:5      | Reached *** piety under Hepliaklqana
  4513 | D:5      | Found an opulent altar of Gozag.
  4670 | D:5      | Noticed Sigmund
  4679 | D:5      | Killed Sigmund
  4680 | D:5      | Reached XP level 8. HP: 57/57 MP: 8/8
  5254 | D:6      | You fall into a shaft and drop 2 floors!
  5366 | D:8      | Found a flagged portal.
  5387 | Bailey   | Entered a bailey
  5837 | Bailey   | Reached XP level 9. HP: 52/64 MP: 9/9
  5839 | Bailey   | Reached skill level 5 in Armour
  6163 | Bailey   | Noticed an orc knight
  6174 | Bailey   | Killed an orc knight
  6574 | Bailey   | Noticed an orc knight
  6574 | Bailey   | Noticed an orc warlord
  6612 | D:7      | Found a transporter.
  6672 | D:7      | Noticed an oklob plant
  6673 | D:7      | Noticed a two-headed ogre
  6688 | D:7      | Noticed DeathSocks's ghost (novice CoHu)
  6701 | D:7      | Found a transporter.
  7272 | D:7      | Reached XP level 10. HP: 64/73 MP: 10/10
  7607 | D:6      | Reached **** piety under Hepliaklqana
  8955 | D:8      | Reached skill level 5 in Shields
  9869 | D:9      | Found a glowing silver altar of Zin.
  9932 | D:9      | Noticed a moth of wrath
  9936 | D:9      | Found a bloodstained altar of Trog.
 10167 | D:9      | Noticed a two-headed ogre
 10172 | D:9      | Killed a two-headed ogre
 10173 | D:9      | Reached skill level 10 in Fighting
 10278 | D:9      | Identified the +1 falchion "Qostrixe" {speed, Dex+5 Stlth+}
 10399 | D:8      | Reached XP level 11. HP: 65/81 MP: 11/11
 10785 | D:9      | Reached skill level 10 in Axes
 11154 | D:10     | Entered Level 10 of the Dungeon
 11316 | D:10     | Noticed a two-headed ogre
 11321 | D:10     | Killed a two-headed ogre
 11519 | D:10     | Reached ***** piety under Hepliaklqana
 11580 | D:10     | Noticed Nergalle
 11589 | D:10     | Killed Nergalle
 12692 | D:11     | Noticed a cyclops
 13122 | D:11     | Reached XP level 12. HP: 85/90 MP: 12/12
 13169 | D:11     | Found a staircase to the Lair.
 13826 | Lair:1   | Entered Level 1 of the Lair of Beasts
 14186 | Lair:1   | Noticed a boulder beetle
 15232 | Lair:1   | Killed a boulder beetle
 16442 | Lair:2   | Reached XP level 13. HP: 98/98 MP: 13/13
 18555 | Lair:3   | Noticed Amaemon
 18565 | Lair:3   | Killed Amaemon
 19338 | Lair:3   | Found a staircase to the Swamp.
 20511 | Lair:3   | Found a hole to the Spider Nest.
 21182 | Lair:4   | Found a runed translucent gate.
 21182 | Lair:4   | Found a runed translucent gate.
 21192 | Lair:4   | Found a dark tunnel.
 21210 | Lair:4   | Found a runed translucent gate.
 21211 | Lair:4   | Noticed Vinuqabb's ghost (journeyman CoFi)
 21664 | Lair:4   | Reached ****** piety under Hepliaklqana
 21684 | Lair:4   | Found a viscous altar of Jiyva.
 21684 | Lair:4   | Found a staircase to the Slime Pits.
 21803 | Lair:4   | Reached XP level 14. HP: 94/108 MP: 14/14
 23509 | Lair:5   | Entered Level 5 of the Lair of Beasts
 24170 | Lair:5   | Acquired a hydrodynamo Ver.85 {Gadgeteer, rPois rC+ rCorr}
 24181 | Lair:5   | Reached skill level 15 in Fighting
 24486 | Lair:5   | Reached skill level 10 in Armour
 24601 | Lair:5   | Reached skill level 15 in Axes
 24817 | Lair:5   | Found a burning altar of Makhleb.
 24895 | Lair:5   | Found a gateway to Hell.
 25181 | D:12     | Noticed Lodul
 25366 | D:12     | Killed Lodul
 25369 | D:12     | Reached XP level 15. HP: 89/116 MP: 15/15
 25681 | D:12     | Found a staircase to the Orcish Mines.
 27106 | D:13     | Noticed Urug
 27112 | D:13     | Killed Urug
 27472 | D:13     | Found a runed translucent gate.
 27473 | D:13     | Found a runed translucent gate.
 27474 | D:13     | Found a runed translucent gate.
 27474 | D:13     | Noticed LilYaldabaoth01's ghost (journeyman MDNe)
 27625 | D:13     | Killed LilYaldabaoth01's ghost
 28066 | D:14     | Found a portal to a secret trove of treasure.
 28273 | D:14     | Found Jerphytie's Antique Armour Emporium.
 28377 | D:14     | Found Abbiss's Weapon Shop.
 28581 | D:14     | Found a gate to the Vaults.
 28919 | D:14     | Found Qiato's Magic Scroll Shop.
 28933 | D:14     | Found Desymes's Distillery.
 29212 | D:15     | Entered Level 15 of the Dungeon
 29244 | D:15     | Found Vavepru's Book Shop.
 29353 | D:15     | Reached skill level 1 in Dodging
 29508 | D:15     | Found Omni's Assorted Antiques.
 29575 | D:15     | Found a staircase to the Depths.
 29901 | D:15     | Found Zozaiddo's Book Shop.
 30156 | D:15     | Found Dunoutz's Book Boutique.
 30203 | D:15     | Reached XP level 16. HP: 113/125 MP: 16/16
 30247 | D:15     | Found Xijim's General Store.
 30261 | D:15     | Bought a phial of floods for 600 gold pieces
 30296 | D:15     | Found a blossoming altar of Fedhas.
 30705 | Orc:1    | Entered Level 1 of the Orcish Mines
 30705 | Orc:1    | Found Vugimeof's Weapon Shop.
 30959 | Orc:1    | Found Utie's Jewellery Boutique.
 30993 | Orc:2    | Entered Level 2 of the Orcish Mines
 31181 | Orc:1    | Found Kealaara's Antique Weapon Shoppe.
 31690 | Orc:1    | Noticed Harold
 31690 | Orc:1    | Found Yjaeni's Assorted Antiques.
 31694 | Orc:1    | Killed Harold
 31905 | Orc:1    | Found Ycuucs's Book Shoppe.
 32260 | Orc:2    | Found a staircase to the Elven Halls.
 32793 | Orc:2    | Found Relal's Antique Armour Shoppe.
 32793 | Orc:2    | Found Baegroiz's Jewellery Shop.
 32804 | Orc:2    | Found Asuudwul's Assorted Antiques.
 32805 | Orc:2    | Found Kaile's Antique Weapon Shop.
 33856 | Swamp:1  | Entered Level 1 of the Swamp
 34451 | Swamp:1  | Reached skill level 5 in Dodging
 35421 | Swamp:1  | Found a runed translucent gate.
 35421 | Swamp:1  | Found a runed translucent gate.
 35421 | Swamp:1  | Found a runed translucent gate.
 35422 | Swamp:1  | Noticed Bith's ghost (adept GnWn)
 35422 | Swamp:1  | Noticed Ykem's ghost (adept GnWn)
 35423 | Swamp:1  | Noticed Jij Eziczi's ghost (journeyman DgAl)
 35465 | Swamp:1  | Noticed Ykem's ghost (adept GnWn)
 35483 | Swamp:1  | HP: 6/126 [Ykem's ghost (6)]
 35484 | Swamp:1  | Slain by Bith's ghost

Illustrated notes

Levels and vault maps discovered:
D:1:      spicycebolla_arrival_transporter_tutorial, layout_basic,
          minmay_misc_feat_doors, chequers_decorated_corner
D:2:      kennysheep_big_flooded_room, layout_basic, basic_altar,
          minmay_splitting_lines, kennysheep_generic_room_2
D:3:      layout_basic, st_stairs_8, kennysheep_generic_room_10
D:4:      layout_basic, minmay_temple_entry_hall,
          nicolae_elevator_lobby_asterisk
D:5:      layout_loops_corners, nicolae_overflow_hallway_of_the_gods,
          nicolae_ossuary_entry_plus, uniq_sigmund
D:6:      layout_rooms
D:7:      layout_loops_ring, nzn_ghost_randoct, minmay_misc_feat_tower,
          minmay_tree_intersection, minmay_crystal_room, serial_bayou_lagoon_b
D:8:      layout_basic, enter_bailey_3, lemuel_flamethrower_2
D:9:      layout_cave_pods, mainiacjoe_overflow_paths, tgw_trog
D:10:     layout_basic, minivault_26, uniq_nergalle
D:11:     layout_roguey, hellmonk_lair_entry_icy,
          portal_ice_cave_entry_ice_simulacra, serial_undead, serial_undead_c,
          serial_undead_b, serial_undead_f, serial_undead_d, serial_undead_b,
          serial_undead_c
D:12:     layout_stronghold, david_orc_4, uniq_lodul
D:13:     layout_stronghold, gammafunk_ghost_nasty_kobolds,
          kennysheep_crisscross, uniq_urug
D:14:     layout_loops_ring, skrybe_vaults_entry_preservation,
          trove_entry_hex_spiral, serial_shops, shop, nicolae_shop_hallway_plus,
          nicolae_shop_bloodbath_and_beyond, shop_fountains
D:15:     grunt_enter_depths_magical_seal, layout_irregular_city, serial_shops,
          shop, nicolae_shop_stone, nicolae_shop_crystal,
          nicolae_shop_hallway_stairs, shop, lemuel_crystal_altar, minivault_15
Temple:   eino_wide_crystal_templ
Lair:1:   layout_small_grid, st_stairs_11, minmay_hedge_maze, roderic_batcave,
          serial_bayou_shore_b, lemuel_fruit_tree, serial_bayou_shore_a,
          infiniplex_staircase_pool_2
Lair:2:   statuecave_lemuel, layout_concentric_octagons,
          grunt_forest_small_clearings
Lair:3:   layout_gridlike, palyth_hydra_swamp_entry,
          nicolae_spider_entry_tight_spaces, serial_bayou_shore_b, uniq_amaemon
Lair:4:   nzn_winding_woodlands_stair_cross [nzn_winding_woodlands_5x15_zeroes,
          nzn_winding_woodlands_center_pierced_h,
          nzn_winding_woodlands_5x15_pockets,
          nzn_winding_woodlands_5x5_checkerboard,
          nzn_winding_woodlands_5x5_default, nzn_winding_woodlands_5x15_default,
          nzn_winding_woodlands_center_garden,
          nzn_winding_woodlands_5x15_cabin], layout_cave_pods,
          dpeg_slime_entry_enclosed, gammafunk_ghost_necromancy,
          nicolae_volcano_entry_batcave, ice2_lemuel
Lair:5:   evil_forest, layout_long_grid, special_room [special_room_bee],
          serial_bayou_pond_c, nicolae_quartered_pool_super
Swamp:1:  layout_basic_swamp, gammafunk_ghost_cemetery,
          nicolae_swamp_triple_paths
Orc:1:    layout_caves, serial_shops, nicolae_shop_crystal, nicolae_square_shop,
          nicolae_shop_statue_plus, shop, nicolae_shop_crystal,
          nicolae_orc_stony_grotto, uniq_harold
Orc:2:    st_orc_open, layout_diamond_mine

Skill      XL: |  1  2  3  4  5  6  7  8  9 10 11 12 13 14 15 16 |
---------------+-------------------------------------------------+-----
Armour         | 3 4 5 6 7 8 9 10 11 | 11.6
Axes           | 3 4 5 6 8 9 11 12 14 15 16 17 | 17.2
Fighting       | 4 5 6 7 8 10 11 12 14 15 16 17 | 17.5
Shields        | 3 4 5 6 7 8 9 |  9.1
Dodging        | 2 5 |  5.6

Action                     |  1- 3 |  4- 6 |  7- 9 | 10-12 | 13-15 | 16-18 || total
---------------------------+-------+-------+-------+-------+-------+-------++-------
  Melee: War axe           |    86 |    95 |   251 |   485 |   902 |   170 ||  1989
         Whip              |    28 |    57 |    46 |       |       |       ||   131
         Broad axe         |       |       |       |       |    80 |   164 ||   244
 Invoke: Ancestor Life: Ba |       |     1 |       |       |       |       ||     1
         Recall Ancestor   |       |       |     1 |     1 |     1 |     1 ||     4
         Ancestor Identity |       |       |       |       |     1 |       ||     1
Ability: Invent Gizmo      |       |       |       |       |     1 |       ||     1
  Evoke: Wand              |       |       |       |     4 |    24 |     5 ||    33
         Tin of tremorston |       |       |       |       |       |     2 ||     2
         Phial of floods   |       |       |       |       |       |     1 ||     1
    Use: Scroll            |       |     4 |     1 |    21 |    21 |     6 ||    53
         Potion            |       |       |     5 |     6 |    10 |     8 ||    29
   Stab: Distracted        |       |       |     2 |     9 |    13 |     3 ||    27
         Invisible         |       |       |       |    18 |     7 |       ||    25
 Armour: Scale mail        |    56 |       |       |       |       |       ||    56
         Plate armour      |    28 |   114 |   190 |   458 |   705 |   250 ||  1745
  Dodge: Dodged            |    33 |    29 |    41 |   122 |   187 |    85 ||   497
  Block: Buckler           |    19 |       |       |       |       |       ||    19

Table legend: (Time is in decaauts)
 A = Elapsed time spent in this place.
 B = Non-inter-level travel time spent in this place.
 C = Inter-level travel time spent in this place.
 D = Time resting spent in this place.
 E = Time spent auto-exploring this place.
 F = Levels seen in this place.
 G = Mean time per level.
                   A        B        C        D        E       F      G
               +--------+--------+--------+--------+--------+-----+--------+
         Total |  35577 |  33990 |   1587 |  11191 |  18180 |  26 | 1368.3 |
       Dungeon |  19035 |  17925 |   1110 |   3953 |  11620 |  15 | 1269.0 |
        Temple |      1 |      1 |      0 |      0 |      0 |   1 |    1.0 |
          Lair |  10419 |  10027 |    392 |   3974 |   4880 |   5 | 2083.8 |
         Swamp |   1665 |   1665 |      0 |   1061 |    244 |   1 | 1665.0 |
  Orcish Mines |   2784 |   2700 |     84 |   1254 |   1059 |   2 | 1392.0 |
       Ossuary |    440 |    440 |      0 |      0 |    326 |   1 |  440.0 |
        Bailey |   1230 |   1230 |      0 |    949 |     50 |   1 | 1230.0 |
               +--------+--------+--------+--------+--------+-----+--------+

Top non-repeatable levels by time:
  Lair:3: 2985 daAuts
  Lair:4: 2344 daAuts
    D:11: 2181 daAuts
  Lair:2: 1909 daAuts
    D:10: 1703 daAuts
 Swamp:1: 1665 daAuts
  Lair:1: 1630 daAuts
    D:12: 1603 daAuts
  Lair:5: 1550 daAuts
   Orc:1: 1483 daAuts
    D:14: 1451 daAuts
     D:5: 1402 daAuts
    D:15: 1392 daAuts
     D:7: 1386 daAuts
   Orc:2: 1301 daAuts
